[Event "Early-Titled-Tuesday-Blitz-April-16-2024"]
[Site "Chess.com"]
[Date "2024.04.16"]
[Round "2"]
[White "Alen_Yeremyann"]
[Black "Predator0608"]
[Result "1-0"]
[WhiteElo "2822"]
[BlackElo "2564"]
[TimeControl "180+1"]
[EndTime "8:18:00 PDT"]
[Termination "Alen_Yeremyann won by resignation"]

1. e4 c5 2. Nc3 Nc6 3. Bb5 Nd4 4. Bc4 e6 5. Nge2 a6 6. a4 Nf6 7. O-O d5 8. exd5 exd5 9. Nxd5 Nxd5 10. Nxd4 cxd4 11. Qh5 Be6 12. Re1 Nf4 13. Qf3 Bd6 14. d3 Qf6 15. Bxf4 Qxf4 16. Qxf4 Bxf4 17. Bxe6 fxe6 18.
Rxe6+ Kd7 19. Re4 Bd6 20. Rxd4 Rhe8 21. Kf1 Re6 22. Re1 Rae8 23. Rxe6 Rxe6 24. c3 Kc6 25. Rh4 h6 26. Rg4 Be5 27. Rc4+ Kd5 28. Rc8 Bf6 29. Rc7 Rb6 30. b4 Be5 31. Rc5+ Kd6 32. d4 Bf6 33. Ke2 Rc6 34. Rxc6+ bxc6 35. Kd3 Kd5 36.
c4+ Ke6 37. Ke4 Be7 38. b5 axb5 39. axb5 cxb5 40. cxb5 Bd8 41. g4 g5 42. h3 Bb6 43.
d5+ Kf6 44. f4 Bc5 45. d6 Bxd6 46. f5 Be5 47. Kd5 Bf4 48. Kc6 Ke7 49. b6 Be5 50. Kb7 Kd7 51. Ka8 Kc6 52. b7 1-0

[Event "Early-Titled-Tuesday-Blitz-April-16-2024"]
[Site "Chess.com"]
[Date "2024.04.16"]
[Round "2"]
[White "Fantastic_Power"]
[Black "WindWhistler11"]
[Result "1/2-1/2"]
[WhiteElo "2747"]
[BlackElo "2531"]
[TimeControl "180+1"]
[EndTime "8:18:00 PDT"]
[Termination "Game drawn by repetition"]

1. e4 e6 2. d4 d5 3. Nc3 Bb4 4. e5 Ne7 5. a3 Ba5 6. b4 Bb6 7. Nf3 a5 8. Rb1 axb4 9. axb4 Nbc6 10. Bb5 Bd7 11. O-O Nf5 12. Bxc6 Bxc6 13. b5 Bd7 14. Ne2 O-O 15. Ng3 Ra5 16. Nxf5 exf5 17. Qd3 Qe8 18. Re1 h6 19. Bd2 Rxb5 20. Rxb5 Bxb5 21. Qxf5 Qe6 22. Qh5 Ra8 23. Bb4 Ra2 24. c3 Bd3 25. h3 Be4 26. Qh4 Bxf3 27. gxf3 c6 28. Qg4 Ba5 29.
Bxa5 Rxa5 30. f4 Qxg4+ 31. hxg4 Ra4 32. Kg2 Rc4 33. Re3 Kf8 34. Kg3 Ke7 35. f5 b5 36. Rd3 Kd7 37. f4 Ke7 38. g5 hxg5 39. fxg5 g6 40. Kf4 gxf5 41. Kxf5 c5 42. dxc5 Rxc5 43.
Rh3 Rc4 44. Rd3 Rc5 45. Rg3 Rc4 46. Rd3 Rc5 1/2-1/2

[Event "Early-Titled-Tuesday-Blitz-April-16-2024"]
[Site "Chess.com"]
[Date "2024.04.16"]
[Round "2"]
[White "AlessiaSanteramo"]
[Black "alpope"]
[Result "1-0"]
[WhiteElo "2325"]
[BlackElo "2511"]
[TimeControl "180+1"]
[EndTime "8:18:00 PDT"]
[Termination "AlessiaSanteramo won by resignation"]

1. e4 g6 2. d4 Bg7 3. Nf3 d6 4. Nc3 a6 5. Bd3 b5 6. e5 Nd7 7. e6 fxe6 8. Ng5 Nf8 9. Qf3 Nf6 10. Qxa8 h6 11. Nge4 d5 12. Nc5 Kf7 13. O-O N8d7 14.
Nxe6 Kxe6 15. Bxg6 Nb6 16. Qc6+ Qd6 17. Re1+ Ne4 18. Qxd6+ Kxd6 19. Nxe4+ dxe4 20. Bf4+ e5 21. dxe5+ Ke7 22. Bxe4 Be6 23. b3 Rf8 24. Be3 Bxe5 25. Rad1 Nd7 26. Bc6 Bd6 27. Bxh6 Rg8 28. Bd5 Nc5 29.
Be3 Bxd5 30. Bxc5+ Be6 31. Bxd6+ cxd6 32. Rd3 Kd7 33.
Rde3 Bf5 34. c3 d5 35. g3 Be4 36. f3 Bg6 37. Kf2 Rc8 38. Re7+ Kd8 39. R1e3 Rxc3 40.
Rxc3 Kxe7 41. Rc6 Bb1 42. Rxa6 Kd7 43. Ke3 Bc2 44. Kd4 Bd1 45. h4 Bxf3 46. Rb6 Kc7 47. Rxb5 Kc6 48. Rc5+ Kd6 49. a4 Bd1 50. Rb5 Kc6 51.
h5 Bxh5 52. Rxd5 Bd1 53. Rc5+ Kb6 54. a5+ Ka6 55. b4 Be2 56. b5+ Bxb5 57. Rxb5 Kxb5 58. g4 Kxa5 59. g5 Kb6 60. g6 1-0

[Event "Early-Titled-Tuesday-Blitz-April-16-2024"]
[Site "Chess.com"]
[Date "2024.04.16"]
[Round "2"]
[White "Larina_Maria"]
[Black "lioni26"]
[Result "0-1"]
[WhiteElo "2344"]
[BlackElo "2543"]
[TimeControl "180+1"]
[EndTime "8:18:01 PDT"]
[Termination "lioni26 won by resignation"]

1. e4 c5 2. Nc3 Nc6 3. Bb5 Nd4 4. Nf3 a6 5. Bd3 Nc6 6. O-O d6 7. Re1 Bg4 8. h3 Bh5 9. Be2 Nf6 10. Nd5 Nxe4 11. Bxa6 Rxa6 12. Rxe4 e6 13. Nf4 Bg6 14. Nxg6 hxg6 15. d4 cxd4 16. Nxd4 Be7 17. Re1 O-O 18.
c4 Nxd4 19. Qxd4 Qc7 20. Qd3 Bf6 21. a3 Rc8 22. Re4 Rc6 23. Bf4 Bxb2 24. Rd1 e5 25. Bc1 Bd4 26. Be3 Bxe3 27. Qxe3 Rxc4 28. Rxc4 Qxc4 29.
Rxd6 Qc1+ 30. Qxc1 Rxc1+ 31. Kh2 Rc3 32. Rb6 Rxa3 33.
Rxb7 f6 34. f3 g5 35. Rd7 Kh7 36. Kg1 Ra2 37. Rb7 Kg6 38. Rb6 Kf5 39. Rb4 Rd2 40.
Kh2 Rd4 41. Rb2 e4 42. fxe4+ Rxe4 43. Rf2+ Rf4 44. g4+ Ke4 45. Re2+ Kf3 46. Re7 Re4 47. Rxg7 Re2+ 48. Kg1 Kg3 49. Kf1 Rf2+ 50. Kg1 Ra2 51. Kf1 Kxh3 52. Rf7 Ra6 53. Kf2 Kxg4 54. Kg2 f5 55.
Kf2 f4 56. Kg2 Ra2+ 57. Kf1 Kg3 58. Re7 f3 59. Re1 g4 60. Rc1 Rh2 61. Kg1 f2+ 62. Kf1 Rh1+ 0-1

[Event "Early-Titled-Tuesday-Blitz-April-16-2024"]
[Site "Chess.com"]
[Date "2024.04.16"]
[Round "2"]
[White "bascheyaro"]
[Black "AlphaGoosee"]
[Result "0-1"]
[WhiteElo "2837"]
[BlackElo "2589"]
[TimeControl "180+1"]
[EndTime "8:18:02 PDT"]
[Termination "AlphaGoosee won by resignation"]

1. d4 d5 2. c4 dxc4 3. Nc3 a6 4. Bf4 Nf6 5. e3 b5 6. a4 b4 7. Na2 e6 8. Bxc4 Bb7 9. Nf3 Be7 10. Nc1 a5 11.
Nb3 O-O 12. O-O Nbd7 13. Ne5 Nxe5 14. Bxe5 Qd7 15. Bb5 Qd5 16. f3 c6 17. e4 Qd8 18.
Bc4 Nd7 19. Bg3 c5 20. d5 Nb6 21. d6 Nxc4 22. dxe7 Qxe7 23. Qd3 Ba6 24. Rf2 Rfd8 25. Qc2 Rac8 26. Bf4 e5 27. Bc1 Rd7 28. Qe2 Qe6 29. Qe1 f6 30. h3 Qb6 31. Kh2 Rcd8 32. Nd2 Nxd2 33. Rxd2 Rxd2 34. Bxd2 c4 35. Be3 Qd6 36. Qf2 b3 37. Bb6 Qd2 38. Rf1 Rd6 39. Qc5 c3 40. Rf2 Qd4 41. Qxa5 Qxb6 42. Qxb6 Rxb6 43. a5 c2 44. axb6 c1=Q 45. f4 Qe3 46. Rf3 Qxb6 47. fxe5 fxe5 48. Kg3 Qd4 49. Rxb3 Qxe4 50. Rb8+ Kf7 51.
Kh2 Bb7 52. Rxb7+ Qxb7 0-1

[Event "Early-Titled-Tuesday-Blitz-April-16-2024"]
[Site "Chess.com"]
[Date "2024.04.16"]
[Round "2"]
[White "Flawless_Fighter"]
[Black "Koalaskakistis"]
[Result "1/2-1/2"]
[WhiteElo "2765"]
[BlackElo "2551"]
[TimeControl "180+1"]
[EndTime "8:18:02 PDT"]
[Termination "Game drawn - insufficient material"]

1. e4 c5 2. Nf3 d6 3. Bb5+ Nc6 4. O-O Bd7 5. Re1 Nf6 6. h3 a6 7. Bf1 e5 8. c3 g5 9. d4 g4 10. hxg4 Bxg4 11. dxc5 dxc5 12. Qxd8+ Rxd8 13. Nbd2 Rg8 14. Nh4 Bh6 15. Ndf3 Bxc1 16. Raxc1 Ke7 17. g3 b5 18. a4 c4 19. axb5 axb5 20. Ra1 Ra8 21. Nf5+ Bxf5 22. exf5 e4 23. Rxa8 Rxa8 24. Ng5 Ne5 25. Bg2 Nd3 26. Rb1 Nc5 27. Nxe4 Nfxe4 28. Bxe4 Nxe4 29. Re1 Kf6 30. Rxe4 Ra2 31. Re2 b4 32. Kf1 bxc3 33. bxc3 Rxe2 34.
Kxe2 Kxf5 35. Ke3 Ke5 36. g4 f5 37. f4+ Ke6 38. g5 Kd5 39. Kf3 Kc5 40. Ke3 Kd5 41. Kf3 Kc6 42. Kf2 Kc5 43. Ke2 Kc6 44. Kf3 Kb6 45. Kg3 Kb5 46. Kh4 Ka4 47. Kh5 Kb3 48. Kh6 Kxc3 49. Kxh7 Kd3 50. g6 c3 51. g7 c2 52. g8=Q c1=Q 53. Qd5+ Ke3 54. Qxf5 Qc7+ 55. Kg6 Qxf4 56. Qxf4+ Kxf4 1/2-1/2

[Event "Early-Titled-Tuesday-Blitz-April-16-2024"]
[Site "Chess.com"]
[Date "2024.04.16"]
[Round "2"]
[White "tsaruk_maks"]
[Black "ChadBiryani"]
[Result "1/2-1/2"]
[WhiteElo "2717"]
[BlackElo "2463"]
[TimeControl "180+1"]
[EndTime "8:18:02 PDT"]
[Termination "Game drawn - insufficient material"]

1. e4 d6 2. d4 Nf6 3. Nc3 e5 4. Nf3 Nbd7 5. Bc4 Be7 6. O-O O-O 7. Re1 c6 8. a4 h6 9. h3 a5 10. Be3 Re8 11. Ba2 exd4 12. Nxd4 Nc5 13. Qf3 Bf8 14. Bf4 Ne6 15. Bxe6 Bxe6 16. Rad1 Qb6 17. Bxh6 gxh6 18. e5 dxe5 19. Rxe5 Bg7 20. Nxe6 Rxe6 21. Rxe6 fxe6 22. Rd6 Re8 23. b3 Qc5 24. Rd3 Nd5 25. Qh5 Rf8 26. Ne4 Qxc2 27. Qg6 Qc1+ 28. Kh2 Qf4+ 29. Rg3 Qf7 30.
Qxh6 Re8 31. Nd6 Qf6 32. Qxg7+ Qxg7 33. Nxe8 Qxg3+ 34. Kxg3 b5 35. Nd6 Nc3 36. axb5 cxb5 37. Kf4 Kf8 38. Ke5 Ke7 39. h4 a4 40. bxa4 bxa4 41. Nc4 Nd5 42. h5 Nf6 43. h6 Ng4+ 44. Kf4 Nxh6 45. Na3 Nf7 46. Ke4 Ng5+ 47. Kd4 Kd6 48.
Nb5+ Kc6 49. Kc4 Ne4 50. Nd4+ Kd6 51. f3 Nd2+ 52. Kb4 Ke5 53. Ne2 Nf1 54. Kxa4 Ne3 55. g3 Nf1 56. Kb4 Nxg3 57. Nxg3 Kf4 58. Ne4 Kxf3 59.
Ng5+ Kf4 60. Nxe6+ 1/2-1/2

[Event "Early-Titled-Tuesday-Blitz-April-16-2024"]
[Site "Chess.com"]
[Date "2024.04.16"]
[Round "2"]
[White "Rosh1610"]
[Black "dontcatchmeifyoucant"]
[Result "1/2-1/2"]
[WhiteElo "2432"]
[BlackElo "2075"]
[TimeControl "180+1"]
[EndTime "8:18:02 PDT"]
[Termination "Game drawn by repetition"]

1. e4 c6 2. Nc3 d5 3. Nf3 Bg4 4. h3 Bxf3 5. Qxf3 e6 6. Be2 Nf6 7. O-O Be7 8. Rd1 d4 9. Nb1 O-O 10. d3 c5 11. Qg3 Nc6 12. f4 b5 13. a4 a6 14. Nd2 Qb6 15. b3 Nb4 16. Nf3 Nxc2 17. Ra2 Nb4 18. Rb2 c4 19. bxc4 bxc4 20.
Ne5 cxd3 21. Bxd3 Qc7 22. Bd2 Nxd3 23. Qxd3 Rfc8 24. Rc1 Qd8 25. Nc6 Qd7 26. Nxe7+ Qxe7 27. Rxc8+ Rxc8 28. Qxa6 Qd8 29. Qd3 h5 30. a5 Rb8 31.
Rxb8 Qxb8 32. Qxd4 Qb1+ 33. Kh2 Nxe4 34. Bc1 h4 35. a6 Ng3 36. a7 Qxc1 37. a8=Q+ Kh7 38.
Qaa1 Qc2 39. Qdg1 Qc3 40. Qab1+ g6 41. Qb7 Qf6 42. Qgb1 Qxf4 43. Kg1 Ne2+ 44. Kh1 Ng3+ 45. Kg1 Ne2+ 46. Kh1 Ng3+ 47. Kg1 1/2-1/2

[Event "Early-Titled-Tuesday-Blitz-April-16-2024"]
[Site "Chess.com"]
[Date "2024.04.16"]
[Round "2"]
[White "soumeow"]
[Black "andrew-blr"]
[Result "0-1"]
[WhiteElo "2374"]
[BlackElo "2653"]
[TimeControl "180+1"]
[EndTime "8:18:03 PDT"]
[Termination "andrew-blr won by resignation"]

1. e4 c5 2. Nf3 e6 3. d4 cxd4 4. Nxd4 Bc5 5. Nb3 Bb6 6. c4 Ne7 7. c5 Bc7 8. Nc3 O-O 9. Bg5 b6 10. Nb5 Be5 11. f4 Bxb2 12. Rb1 Bf6 13. Bxf6 gxf6 14.
e5 f5 15. cxb6 axb6 16. Rb2 Ba6 17. Nd6 Bxf1 18. Rxf1 Nd5 19. Rf3 Qh4+ 20. Rbf2 Kh8 21. Rh3 Qg4 22. Rhf3 Nc6 23. Qe2 Ra4 24. Qd2 Ncb4 25.
Nc1 Ra5 26. Rg3 Qh4 27. Rh3 Qe7 28. Qd1 f6 29. Qh5 fxe5 30. fxe5 Qg7 31. Rff3 Qxe5+ 32. Re3 Qg7 33. Reg3 Qe7 34. Ne2 Nc2+ 35. Kf2 Nce3 36. Rg6 Ng4+ 37. Rxg4 fxg4+ 38. Kg1 Nf6 39. Qh6 Qg7 40. Qxg7+ Kxg7 41. Rb3 Rxa2 42. Ng3 Nd5 43. h4 gxh3 44. gxh3 Nf4 45. Rxb6 Nxh3+ 46. Kh1 Nf2+ 47. Kg1 Ng4 48. Rb7 Rff2 49. Rxd7+ Kg6 50. Nde4 Ra1+ 0-1

[Event "Early-Titled-Tuesday-Blitz-April-16-2024"]
[Site "Chess.com"]
[Date "2024.04.16"]
[Round "2"]
[White "CrushingKings"]
[Black "MatthewG-p4p"]
[Result "1-0"]
[WhiteElo "2598"]
[BlackElo "2854"]
[TimeControl "180+1"]
[EndTime "8:18:04 PDT"]
[Termination "CrushingKings won by resignation"]

1. Nf3 c5 2. g3 g6 3. Bg2 Bg7 4. O-O Nc6 5. c4 e6 6. Nc3 Nge7 7. d4 Nxd4 8. Nxd4 cxd4 9. Nb5 Nf5 10. g4 a6 11. Qa4 Nh4 12. Nd6+ Kf8 13. Bh1 h5 14. g5 Be5 15. Nxb7 Qc7 16. f4 Bxb7 17. Qb4+ Kg7 18. Qxb7 Rab8 19. Qxc7 Bxc7 20. b3 Kh7 21. Bb2 Bb6 22. Kf2 Nf5 23. Rfe1 Rhc8 24. Be4 Ne3 25. Bd3 Bc5 26. Rec1 a5 27. Rab1 Kg8 28. Kf3 Rc7 29. h3 a4 30. bxa4 Ra8 31. Ba1 Rxa4 32. Rb8+ Kh7 33. Rb5 d6 34. Rcb1 Rxa2 35. Bb2 Raa7 36.
Bc1 Kg7 37. Rb8 Re7 38. Bxe3 dxe3 39. Be4 f6 40. gxf6+ Kxf6 41. Rg1 Rg7 42. h4 Rae7 43. Rf8+ Ref7 44. Re8 Rd7 45. Rh8 d5 46. cxd5 exd5 47. Bd3 d4 48. Rh6 Be7 49. Bxg6 Rxg6 50. Rhxg6+ Kf7 51. Rh6 Ra7 52. Rh7+ Ke6 53. Rg6+ Kf5 54. Rb6 Bf6 55. Rxa7 1-0

[Event "Early-Titled-Tuesday-Blitz-April-16-2024"]
[Site "Chess.com"]
[Date "2024.04.16"]
[Round "2"]
[White "Egor_Koshulyan"]
[Black "kuba2006"]
[Result "0-1"]
[WhiteElo "2731"]
[BlackElo "2531"]
[TimeControl "180+1"]
[EndTime "8:18:05 PDT"]
[Termination "kuba2006 won by checkmate"]

1. e4 Nf6 2. e5 Nd5 3. d4 d6 4. Nf3 Bg4 5. Be2 c6 6. O-O Bxf3 7. Bxf3 dxe5 8. dxe5 e6 9. Qe2 Nd7 10. c4 Ne7 11.
Bf4 Ng6 12. Bg3 Qa5 13. Re1 Bb4 14. Nc3 Bxc3 15. bxc3 O-O 16. h4 h6 17. Rab1 Nc5 18.
h5 Ne7 19. Bf4 Rad8 20. Be3 Nd3 21. Red1 Nxe5 22. Rxb7 Nf5 23. Rxa7 Qxc3 24. Rc1 Nxf3+ 25. Qxf3 Qb2 26. Re1 Ra8 27. Rxa8 Rxa8 28. Qxc6 Qxa2 29. c5 Rd8 30. Qc7 Qd5 31. c6 Nh4 32. f3 Nf5 33. Bf2 Nd4 34. Bxd4 Qxd4+ 35. Kh1 Qh4+ 36. Kg1 Qxe1+ 37.
Kh2 Qh4+ 38. Kg1 Qd4+ 39. Kh1 Qd1+ 40. Kh2 Qd6+ 41. Qxd6 Rxd6 42. c7 Rc6 43. c8=Q+ Rxc8 44. Kg3 Rc4 45. f4 f5 46. Kh4 Rxf4+ 47. Kh3 Rg4 48. g3 Kf7 49. Kg2 Kf6 50. Kh2 Kg5 51. Kh3 Kxh5 52.
Kh2 Kg5 53. Kh3 h5 54. Kh2 f4 55. Kh3 Rxg3+ 56. Kh2 e5 57. Kh1 Kf5 58. Kh2 Ke4 59. Kh1 g5 60. Kh2 Kf3 61. Kh1 Kf2 62. Kh2 Rg4 63. Kh1 Rh4# 0-1

[Event "Early-Titled-Tuesday-Blitz-April-16-2024"]
[Site "Chess.com"]
[Date "2024.04.16"]
[Round "2"]
[White "kritipatel"]
[Black "AndrewB92"]
[Result "0-1"]
[WhiteElo "2161"]
[BlackElo "2467"]
[TimeControl "180+1"]
[EndTime "8:18:05 PDT"]
[Termination "AndrewB92 won by checkmate"]

1. e4 c5 2. d4 cxd4 3. c3 d5 4. exd5 Qxd5 5. cxd4 Nc6 6. Nf3 e6 7. Nc3 Bb4 8. Bd2 Qa5 9. Bc4 Nf6 10. O-O O-O 11. a3 Bxc3 12. Bxc3 Qh5 13. Be2 Qd5 14. Rc1 Rd8 15. b4 b6 16. Bb2 Bb7 17. Bc4 Qh5 18.
Be2 Qh6 19. Rc2 Ng4 20. Bc1 Qh5 21. h3 f5 22. hxg4 fxg4 23. Ng5 Rxd4 24. Rd2 Rxd2 25.
Bxd2 Ne5 26. Bf4 Rf8 27. Nxe6 Nf3+ 28. Bxf3 gxf3 29. Nxf8 fxg2 30. f3 Qh1+ 31. Kf2 gxf1=Q+ 32. Qxf1 Qxf3+ 33. Ke1 Qe4+ 34. Qe2 Qxe2+ 35. Kxe2 Kxf8 36. Ke3 a6 37. Bd6+ Kf7 38. Bc7 b5 39. Be5 g5 40.
Kd4 Kg6 41. Kc5 Bc8 42. Kb6 Kf5 43. Kc7 Kxe5 44. Kxc8 g4 45. Kb7 g3 46. Kxa6 g2 47.
Kxb5 g1=Q 48. Ka6 Kd5 49. b5 Kc5 50. a4 Qg6+ 51. Ka7 Qb6+ 52. Ka8 Kd6 53. a5 Qxb5 54. a6 Kc7 55. a7 Qb7# 0-1

[Event "Early-Titled-Tuesday-Blitz-April-16-2024"]
[Site "Chess.com"]
[Date "2024.04.16"]
[Round "2"]
[White "Silvederione"]
[Black "IsmaelAmadorGarcia"]
[Result "1-0"]
[WhiteElo "2526"]
[BlackElo "2302"]
[TimeControl "180+1"]
[EndTime "8:18:06 PDT"]
[Termination "Silvederione won by resignation"]

1. d4 Nf6 2. Nc3 d5 3. Bf4 a6 4.
e3 Bf5 5. f3 e6 6. g4 Bg6 7. h4 h5 8. g5 Ng8 9. Bd3 Ne7 10.
Nge2 b5 11. Bxg6 Nxg6 12. Qd3 c5 13. dxc5 Nc6 14. O-O-O Bxc5 15. Kb1 Qa5 16. Nxd5 exd5 17. Qxd5 Qb6 18. Qd7+ Kf8 19. Bc7 Nge5 20. Bxb6 Nxd7 21. Rxd7 Bxb6 22. Nf4 Bxe3 23. Nd5 Bf2 24. g6 fxg6 25.
Nc7 Ne5 26. Ne6+ Ke8 27. Rxg7 Nf7 28. Nc7+ Kf8 29. Rxg6 Rc8 30. Ne6+ Ke7 31. Nf4 Ne5 32. Re6+ Kf7 33. Rxe5 Bg3 34. Rf5+ Kg7 35. Nxh5+ Kg6 36. Nxg3 Rce8 37. Rg5+ Kf6 38. Ne4+ Kf7 39. Rhg1 Rh7 40.
Nd6+ Ke7 41. Nxe8 Kxe8 42. Rg8+ Kf7 43. R8g4 Rh5 44. Rf4+ Ke6 45. Re1+ Kd5 46. Rg4 Rh6 47. Rg5+ Kd6 48. h5 Rh8 49. Rg6+ Kd5 50. h6 Kd4 51. Rh1 Rf8 52. h7 Rxf3 53. h8=Q+ 1-0

[Event "Early-Titled-Tuesday-Blitz-April-16-2024"]
[Site "Chess.com"]
[Date "2024.04.16"]
[Round "2"]
[White "DeArron_Fox"]
[Black "KnightmareJoker"]
[Result "1-0"]
[WhiteElo "2523"]
[BlackElo "2299"]
[TimeControl "180+1"]
[EndTime "8:18:06 PDT"]
[Termination "DeArron_Fox won by checkmate"]

1. d4 d5 2. c4 e6 3. Nc3 Nf6 4. cxd5 exd5 5. Bg5 Be7 6. e3 c6 7. Bd3 O-O 8. Qc2 Nbd7 9. Nf3 Re8 10. O-O Nf8 11.
h3 Ne4 12. Bf4 Bf5 13. Nxe4 dxe4 14. Bxe4 Bxe4 15. Qxe4 Ng6 16. Bg3 Bd6 17. Qg4 Bxg3 18. Qxg3 Qe7 19. Rfe1 Qb4 20. Re2 Qc4 21. Rd2 Rad8 22.
Qc7 Qb5 23. Rc1 Rc8 24. Qg3 Rcd8 25. Rc3 Rd7 26. h4 Qh5 27. Rc5 Qh6 28. h5 Ne7 29. Ne5 Rd5 30. Qf3 f6 31. Ng4 Qg5 32. h6 Rxc5 33.
dxc5 f5 34. Ne5 Nd5 35. Rxd5 Qe7 36. Rd7 Qxe5 37. Rxg7+ Kh8 38. Qh5 Rd8 39. g3 Qxc5 40.
Qg5 Qf8 41. Re7 Rd1+ 42. Kg2 Rd8 43. Rg7 f4 44. Qxf4 Qe8 45. Qg5 Qe4+ 46. Kh2 Re8 47. Rf7 Qe5 48. Qxe5+ Rxe5 49. Rf8# 1-0

[Event "Early-Titled-Tuesday-Blitz-April-16-2024"]
[Site "Chess.com"]
[Date "2024.04.16"]
[Round "2"]
[White "Kirill_Klukin"]
[Black "Dinosaurio_1975"]
[Result "1-0"]
[WhiteElo "2835"]
[BlackElo "2569"]
[TimeControl "180+1"]
[EndTime "8:18:07 PDT"]
[Termination "Kirill_Klukin won by checkmate"]

1. d4 d5 2. c4 e6 3. Nc3 Nf6 4. cxd5 exd5 5. Bg5 c6 6. e3 h6 7. Bf4 Bf5 8. Bd3 Bxd3 9. Qxd3 Bd6 10. Nge2 O-O 11. h3 Re8 12. O-O-O Ne4 13. Nxe4 dxe4 14.
Qc2 Na6 15. a3 Nc7 16. Bxd6 Qxd6 17. Nc3 Qe6 18. Kb1 Nd5 19. Rc1 Rad8 20. Nxd5 Rxd5 21. Qb3 Re7 22. Rc2 Qg6 23. g3 Rf5 24. Rd1 h5 25. h4 Rd7 26. Rdd2 Kh7 27. Qa4 a6 28. Qb4 Qg4 29. Rc5 Rxc5 30. Qxc5 Rd5 31. Qe7 Rd7 32.
Qe8 Kg6 33. Rc2 Rd5 34. Ka2 Qf5 35. Qe7 Rd7 36. Qf8 Rd5 37. Qb8 Rd7 38. Qc8 Qd5+ 39. Kb1 Qf5 40. Rc5 Rd5 41. Qxb7 Rxc5 42. dxc5 Qxc5 43.
Qxa6 Qf5 44. Qe2 Qd5 45. Qc2 c5 46. b3 Kf5 47. a4 Kg4 48. a5 Kf3 49. a6 Qc6 50. a7 Qc8 51. Qa2 Qa8 52. Kc1 f5 53. Kd1 g6 54. Ke1 Kg2 55. Qa6 Kf3 56. Kf1 Qd8 57.
Qe2# 1-0

[Event "Early-Titled-Tuesday-Blitz-April-16-2024"]
[Site "Chess.com"]
[Date "2024.04.16"]
[Round "2"]
[White "ajeale2"]
[Black "Binary010"]
[Result "1-0"]
[WhiteElo "2431"]
[BlackElo "2788"]
[TimeControl "180+1"]
[EndTime "8:18:08 PDT"]
[Termination "ajeale2 won by checkmate"]

1. d4 Nf6 2. Bg5 Ne4 3. Bf4 c5 4. d5 Qb6 5. Bc1 e6 6. f3 Nf6 7. c4 exd5 8. cxd5 c4 9. e4 Bc5 10. Nh3 d6 11. Bxc4 Bxh3 12. gxh3 O-O 13. Nc3 Nbd7 14.
Qe2 Ne5 15. Bb3 Bf2+ 16. Kf1 Bd4 17. Na4 Qc7 18. Be3 Bxe3 19. Qxe3 b5 20. Nc3 a6 21. Rc1 Qe7 22. Ne2 Ng6 23. Ng3 Qe5 24. Qd2 Rac8 25. Kf2 h5 26. Rxc8 Rxc8 27. Rc1 Rxc1 28.
Qxc1 h4 29. Nf1 Nf4 30. Qc3 Nxh3+ 31. Kg2 Nf4+ 32. Kf2 Qg5 33. Qc8+ Kh7 34. Ne3 h3 35. Qf5+ Qxf5 36. Nxf5 Ne8 37. Ke3 g5 38. a4 bxa4 39. Bxa4 Nf6 40. Nxd6 Ng2+ 41. Kf2 g4 42. Nxf7 Nh4 43.
Ne5 gxf3 44. Bc2 Kh6 45. Nxf3 Ng4+ 46. Kg3 Nxf3 47. Kxg4 Nxh2+ 48. Kxh3 Nf3 49. Kg3 Ne5 50. Kf4 Nc4 51. b3 Nb6 52. Ke5 Kg5 53. Kd6 Kf4 54. e5 Ke3 55. e6 Kd4 56. e7 Nxd5 57. e8=Q Nb4 58. Qe5# 1-0

[Event "Early-Titled-Tuesday-Blitz-April-16-2024"]
[Site "Chess.com"]
[Date "2024.04.16"]
[Round "2"]
[White "jumpingknight20"]
[Black "emeli_chess"]
[Result "1-0"]
[WhiteElo "2731"]
[BlackElo "2466"]
[TimeControl "180+1"]
[EndTime "8:18:09 PDT"]
[Termination "jumpingknight20 won by resignation"]

1. d4 Nf6 2. c4 e6 3. Nf3 d5 4. Bg5 Bb4+ 5. Nbd2 dxc4 6. Rc1 b5 7. g3 Bb7 8. Bg2 c5 9. a3 Bxd2+ 10. Qxd2 cxd4 11. O-O h6 12. Bxf6 Qxf6 13. Nxd4 Bxg2 14. Nxb5 Bxf1 15. Nc7+ Kf8 16. Kxf1 Kg8 17. Nxa8 Kh7 18. Rxc4 Rd8 19. Qc2+ g6 20. Nc7 Nd7 21. Nb5 Ne5 22. Rf4 Qe7 23.
Qc7 Qxc7 24. Nxc7 Kg7 25. Nb5 Rd1+ 26. Kg2 Rd2 27. Re4 Kf6 28. b4 a6 29. Nc7 Ra2 30. Ne8+ Ke7 31. Rxe5 Kxe8 32. Ra5 Rxe2 33. Rxa6 e5 34.
b5 e4 35. a4 e3 36. Kf3 Rxf2+ 37. Kxe3 Rxh2 38. b6 Rb2 39. a5 Kd7 40. Ra7+ Kc6 41. Rxf7 Kb5 42. Ra7 Kc6 43. Rg7 g5 44. Rg6+ Kb5 45.
Rxh6 Kxa5 46. Kf3 Rb4 47. Rg6 g4+ 48. Rxg4 Rxb6 49. Rc4 Rb8 50. g4 Rg8 51. Kf4 Rf8+ 52. Kg5 Rg8+ 53. Kf6 Kb5 54. Rf4 Rf8+ 55. Ke5 Rg8 56. Kf5 Rf8+ 57. Kg5 Rg8+ 58. Kh6 Rh8+ 59. Kg6 Kc5 60. g5 Kd6 61. Re4 Rg8+ 62. Kh6 Rh8+ 63. Kg7 1-0

[Event "Early-Titled-Tuesday-Blitz-April-16-2024"]
[Site "Chess.com"]
[Date "2024.04.16"]
[Round "2"]
[White "BallottiLuca"]
[Black "bescmelasti"]
[Result "1/2-1/2"]
[WhiteElo "2385"]
[BlackElo "2642"]
[TimeControl "180+1"]
[EndTime "8:18:09 PDT"]
[Termination "Game drawn - insufficient material"]

1. d4 Nf6 2. c4 e6 3. Nc3 Bb4 4.
f3 d5 5. a3 Be7 6. e4 dxc4 7. Bxc4 O-O 8. Be3 c5 9. Nge2 Nc6 10.
dxc5 Ne5 11. Qb3 Qa5 12. Bd4 Nfd7 13. O-O Nxc5 14. Qa2 Nxc4 15. Qxc4 b6 16. b4 Qa6 17. Qxa6 Nxa6 18. Nb5 Bd7 19. Nec3 Rfc8 20. Rac1 Nc7 21. Nxc7 Rxc7 22. Nd5 Rxc1 23. Nxe7+ Kf8 24. Rxc1 Kxe7 25. Bxg7 f6 26. Bh6 e5 27. Be3 h5 28. Kf2 h4 29. h3 Kd6 30. Ke1 Bb5 31. Rd1+ Ke6 32.
Kf2 Rc8 33. Rc1 Bc6 34. b5 Bd7 35. Rxc8 Bxc8 36. Ke2 a6 37. bxa6 Bxa6+ 38. Ke1 b5 39.
Bf2 f5 40. exf5+ Kxf5 41. Bxh4 Bb7 42. Ke2 Bd5 43. Bf2 Kf4 44. Kd3 Bc4+ 45. Kc3 Bf1 46. Kb4 Bxg2 47. Kxb5 Kxf3 48. Bb6 Bxh3 49. a4 e4 50. a5 Bf1+ 51. Kc6 Ke2 52. Kb7 Kd2 53. a6 Bg2 54. Kb8 e3 55. Bxe3+ Kxe3 56. a7 Kd4 57. a8=Q Bxa8 1/2-1/2

[Event "Early-Titled-Tuesday-Blitz-April-16-2024"]
[Site "Chess.com"]
[Date "2024.04.16"]
[Round "2"]
[White "GeorgiosSouleidis"]
[Black "Kushch_Nikolai"]
[Result "1-0"]
[WhiteElo "2648"]
[BlackElo "2374"]
[TimeControl "180+1"]
[EndTime "8:18:09 PDT"]
[Termination "GeorgiosSouleidis won by resignation"]

1. e4 c5 2. Be2 Nc6 3. d3 Nf6 4. f4 d5 5. e5 Nd7 6. Nf3 e6 7. O-O Be7 8. c4 Nb6 9. a4 a5 10. Nc3 Nb4 11. b3 O-O 12. Nb5 Bd7 13. Bd2 Bxb5 14.
cxb5 Qc7 15. Rc1 Qd7 16. Bxb4 axb4 17. Ra1 d4 18. Nd2 Nd5 19. Nc4 f6 20. exf6 Bxf6 21. Bf3 Rae8 22. Qd2 Bd8 23. g3 Bc7 24. Rae1 Rf6 25.
Qg2 Rd8 26. Kh1 b6 27. Re2 Qf7 28. Rfe1 Bxf4 29. gxf4 Nxf4 30. Qg3 Nxe2 31. Bxe2 Rg6 32. Ne5 Qb7+ 33. Bf3 Rxg3 34. Bxb7 Rg5 35. Nf3 Rf5 36. Be4 Rf4 37. Kg2 h6 38. Kg3 g5 39. h4 e5 40. hxg5 hxg5 41. Nxg5 Rd6 42. Nf3 Rf7 43. Kf2 Rdf6 44. Rg1+ Kf8 45. Rg5 Re7 46. Ke2 Rh6 47.
Rxe5 Rxe5 48. Nxe5 Rh2+ 49. Kd1 Ra2 50. Nd7+ Ke7 51.
Nxb6 Kd6 52. Bd5 Ra1+ 53. Kc2 Kc7 54. Nc4 Ra2+ 55. Kb1 Rd2 56. b6+ Kb8 57. Be4 Rd1+ 58. Ka2 1-0

[Event "Early-Titled-Tuesday-Blitz-April-16-2024"]
[Site "Chess.com"]
[Date "2024.04.16"]
[Round "2"]
[White "jcibarra"]
[Black "Nf3c5"]
[Result "1-0"]
[WhiteElo "2963"]
[BlackElo "2609"]
[TimeControl "180+1"]
[EndTime "8:18:11 PDT"]
[Termination "jcibarra won on time"]

1. e4 c5 2. Nf3 Nc6 3. Nc3 e5 4. Bc4 Be7 5. d3 d6 6. O-O h6 7.
Nd2 Nf6 8. Re1 O-O 9. Nf1 Be6 10. Ne3 Nd7 11. a4 Bg5 12. g3 a6 13. h4 Bxe3 14. Bxe3 Nd4 15. Nd5 Nf6 16. c3 Nc6 17. Qf3 Bxd5 18.
exd5 Ne7 19. Bxh6 Qd7 20. Bg5 Nh7 21. Be3 Kh8 22. d4 cxd4 23. cxd4 f5 24. dxe5 dxe5 25. Bc5 e4 26. Qb3 Rae8 27. Rad1 Rf6 28. d6 Ng6 29. Bd4 Rxd6 30. h5 Ne5 31. Bxe5 Rxe5 32. Rxd6 Qxd6 33. Rd1 Qe7 34. Qb6 Nf6 35. Qd8+ Kh7 36. Qxe7 Rxe7 37. Be2 Kh6 38. Rd6 Kg5 39. Kg2 Nxh5 40. Bc4 Nf6 41. Be6 g6 42. a5 Ng4 43. Kf1 e3 44. f4+ Kf6 45. Bd5+ Kg7 46. Ke2 Nf6 47. Bf3 Nh5 48. Bxh5 gxh5 49. Rb6 Kh7 50. Rf6 Rc7 51. Kxe3 Rc5 52. b4 Rb5 53. Rb6 Rxb6 54. axb6 Kg6 55. Kd4 Kf6 56. Kd5 Kg6 57. Ke6 1-0